 Dungeon Crawl Stone Soup version 0.21.1-1-g345015f (webtiles) character file.

73866 vatarom the Nimble (level 15, 0/84 HPs)
             Began as a Spriggan Enchanter on Apr 12, 2018.
             Was a High Priest of Ashenzari.
             Shot with an arrow by Nessos (28 damage)
             ... on level 14 of the Dungeon.
             The game lasted 01:20:56 (29303 turns).

vatarom the Nimble (Spriggan Enchanter)            Turns: 29303, Time: 01:20:57

Health: 0/84       AC: 12    Str:  9    XL:     15   Next: 5%
Magic:  12/31      EV: 32    Int: 18    God:    Ashenzari [*****.]
Gold:   1970       SH:  0    Dex: 17    Spells: 10/36 levels left

rFire    . . .     SeeInvis +   a - +2 short sword (venom)
rCold    . . .     Gourm    .   (shield restricted)
rNeg     . . .     Faith    .   u - +4 steam dragon scales (curse)
rPois    .         Spirit   .   (helmet restricted)
rElec    .         Reflect  .   x - +2 cloak (curse)
rCorr    +         Harm     .   (gloves unavailable)
MR       ++...     Clarity  +   (boots unavailable)
Stlth    +++++.....             (no amulet)
HPRegen  0.24/turn              w - ring of resist corrosion
MPRegen  0.22/turn              C - ring of wizardry

@: lethally poisoned (0 -> -15), very slightly contaminated, very quick
A: very small, unfitting armour, see invisible, herbivore, speed 3, slow
metabolism 2
a: Curse Item, Scrying, Transfer Knowledge, Renounce Religion


You were on level 14 of the Dungeon.
You worshipped Ashenzari.
Ashenzari was extremely pleased with you.
You were not hungry.

You visited 3 branches of the dungeon, and saw 21 of its levels.
You also visited: Ice Cave.

You collected 2170 gold pieces.
You spent 200 gold pieces at shops.

Inventory:

Hand Weapons
 a - a +2 short sword of venom (weapon)
 P - a +2 dagger of protection
Missiles
 c - a throwing net (quivered)
Armour
 n - a +2 buckler of protection
 u - cursed +4 steam dragon scales (worn)
 x - a cursed +2 cloak (worn)
Jewellery
 g - an uncursed ring of flight
 l - an uncursed ring of ice
 r - an uncursed amulet of magic regeneration
 w - a ring of resist corrosion (left hand)
 C - a ring of wizardry (right hand)
 G - an uncursed ring of positive energy
Wands
 e - a wand of disintegration (21)
 o - a wand of flame (7)
 y - a wand of enslavement (5)
 D - a wand of polymorph (22)
 E - a wand of paralysis (22)
 I - a wand of digging (8)
 L - a wand of random effects (10)
 O - a wand of iceblast (12)
Scrolls
 f - 2 scrolls of fear
 h - 5 scrolls of amnesia
 i - 2 scrolls of enchant weapon
 k - 4 scrolls of blinking
 q - 4 scrolls of magic mapping
 s - 3 scrolls of immolation
 v - 8 scrolls of remove curse
 N - a scroll of fog
Potions
 b - 6 potions of heal wounds
 t - 6 potions of curing
 z - 3 potions of mutation {unknown}
 A - 3 potions of lignification
 B - 3 potions of brilliance
 F - a potion of haste
 H - a potion of ambrosia {unknown}
 M - a potion of agility {unknown}
Books
 j - a book of Power

   Spells                             Type                      Level
   a - Iskenderun's Battlesphere      Conjuration/Charms           5
   b - Venom Bolt                     Conjuration/Poison           5
   c - Bolt of Magma                  Conjuration/Fire/Earth       5
   d - Iron Shot                      Conjuration/Earth            6
   e - Orb of Destruction             Conjuration                  7
   f - Spellforged Servitor           Conjuration/Summoning        7
 m - a book of Misfortune

   Spells                             Type                      Level
   a - Confusing Touch                Hexes                        1
   b - Confuse                        Hexes                        3
   c - Gell's Gravitas                Translocation                3
   d - Petrify                        Transmutation/Earth          4
   e - Metabolic Englaciation         Hexes/Ice                    5
   f - Yara's Violent Unravelling     Hexes/Transmutation          5
 K - a book of Enchantments

   Spells                             Type                      Level
   a - Cause Fear                     Hexes                        4
   b - Yara's Violent Unravelling     Hexes/Transmutation          5
   c - Silence                        Hexes/Air                    5
   d - Deflect Missiles               Charms/Air                   6
   e - Discord                        Hexes                        8
Miscellaneous
 p - a phantom mirror
 J - a lamp of fire
Comestibles
 d - 18 rations


   Skills:
 - Level 11.6 Fighting
 - Level 11.6 Short Blades
 - Level 14.6(16.8) Dodging
 - Level 10.0(12.4) Stealth
 * Level 5.4 Shields
 - Level 11.2 Spellcasting
 - Level 12.6 Hexes
 - Level 9.5 Evocations


You had 10 spell levels left.
You knew the following spells:

 Your Spells              Type           Power        Failure   Level  Hunger
a - Corona                Hex            ######.      1%          1    None
b - Ensorcelled Hibernat  Hex/Ice        ####..       1%          2    None
c - Confuse               Hex            ######..     1%          3    None
d - Dazzling Spray        Conj/Hex       ####..       1%          3    None
e - Tukima's Dance        Hex            ######..     1%          3    None
f - Cause Fear            Hex            ######....   1%          4    ##.....
g - Metabolic Englaciati  Hex/Ice        ####......   6%          5    ####...
h - Yara's Violent Unrav  Hex/Tmut       ####......   6%          5    ####...


Dungeon Overview and Level Annotations

Branches:
Dungeon (14/15)            Temple (1/1) D:7            Lair (6/6) D:8
 Shoals (0/4) Lair:4        Snake (0/4) Lair:4        Slime (0/5) Lair:6
    Orc (0/2) D:9          Vaults (0/5) D:14

Altars:
Ashenzari
Cheibriados
Dithmenos
Elyvilon
Fedhas
Gozag
Hepliaklqana
Kikubaaqudgha
Makhleb
Nemelex Xobeh
Okawaru
Qazlal
Ru
Sif Muna
Trog
Uskayaw
Vehumet
Wu Jian
Xom
Yredelemnul
Zin
The Shining One

Shops:
D:4 *   D:6 *   D:11 =   D:14 [

Portals:
Hell: Lair:6

Annotations:
D:12 exclusions: ice statue and orange crystal statue
D:14 exclusion: obsidian statue, Nessos


Innate Abilities, Weirdness & Mutations

You are very small and have problems with some larger weapons.
You are too small for most types of armour.
You have supernaturally acute eyesight. (SInv)
You are a herbivore.
You cover ground extremely quickly.
You need consume almost no food.


Message History

Press: ? - help, Shift-Dir - straight line, p - human
Okay, then.
Casting: Confuse
Confirm with . or Enter, or press ? or * to list all spells.
Aiming: Tukima's Dance
Press: ? - help, Shift-Dir - straight line, f - Nessos, p - human
Aim: Nessos, wielding a longbow of flaming, wearing a centaur barding and quivering 20 arrows (fast, not susceptible)
The longbow of flaming vibrates crazily for a second.
Nessos shoots an arrow.
The arrow hits you!! The arrow burns you.
You are poisoned.
Nessos shoots an arrow.
The arrow completely misses you. The human completely misses you.
Blink to where?
Press: ? - help, Dir - move target cursor, p - Nessos You are very lightly contaminated with residual magic.
As you read the scroll of blinking, it crumbles to dust.
You feel sick.
You feel sick.
You feel sick.
Nessos shoots an arrow.
The arrow hits you!!
You die...

* ###.......# ###........#....#.
####...(.....## ##............##
##..#...pc....## #.##...)......#
.##...(........# ####.........##
#.#.....(.....∩####..####(....##
..#..(.......##..#.##.###.#####
.......(..†...)..†.##.###†#
#..#...###..))....#..#..)########
.##..#.###†..†..@.#..............
#.#.#..###..............########.
#.###..#..#......#..#.#(# #.
##..##..##.##....##.##### #.
#################### #. #. ##


You could see Nessos.

Vanquished Creatures
  Rupert (Lair:6)
  A frost giant (IceCv)
  A hell beast (Lair:6)
  Fannar (D:10)
  11 hydras
  A centaur warrior (D:13)
  5 two-headed ogres
  Urug (D:10)
  Sonja (D:12)
  Nergalle (D:11)
  3 unseen horrors
  A wizard (Lair:6)
  A deep elf archer (D:14)
  A necromancer (D:9)
  A cyclops (D:14)
  A deep elf mage (D:13)
  An ugly thing (D:10)
  6 elephants (Lair:6)
  7 black mambas
  The ghost of vatarom the Covert, a novice SpEn (D:7)
  17 spiny frogs
  4 centaur zombies
  An orange demon (Lair:6)
  The ghost of ChickenMitten the Chopper, a novice FoFi (D:4)
  A smoke demon (Lair:6)
  3 gargoyles
  A torpor snail (Lair:6)
  5 rime drakes
  7 komodo dragons
  A red devil (Lair:6)
  2 ice devils (Lair:6)
  15 polar bears
  A hornet (D:11)
  2 trolls
  10 hippogriffs
  7 slime creatures
  7 blink frogs
  4 dream sheep (Lair:6)
  A shadow (D:13)
  A centaur simulacrum (D:14)
  47 yaks
  3 water elementals (D:13)
  7 basilisks
  7 humans
  7 wyverns
  4 hogs (D:7)
  4 hungry ghosts
  3 vampire mosquitoes (D:13)
  A steam dragon (D:8)
  7 nagas (Lair:4)
  3 soldier ants
  5 hell hounds (Lair:6)
  An acid dragon (D:13)
  11 water moccasins
  8 porcupines
  5 orc warriors
  3 sky beasts
  10 ice beasts
  2 black bears
  An eye of draining (D:13)
  A necrophage (D:12)
  A phantom (D:8)
  8 ogres
  21 wolves
  3 centaurs
  Blork the orc (D:5)
  14 crocodiles
  A big kobold (D:12)
  10 bullfrogs
  6 scorpions
  10 killer bees
  6 wights
  12 howler monkeys
  7 electric eels (D:13)
  8 crimson imps
  A quasit (D:9)
  2 bullfrog zombies (D:12)
  11 orc priests
  5 centaur skeletons
  7 hounds
  5 jellies
  3 bullfrog skeletons
  7 iguanas
  16 orc wizards
  2 polar bear simulacra (D:9)
  8 worker ants
  2 wolf simulacra (D:9)
  A hound zombie (D:9)
  A worker ant zombie (D:5)
  Robin (D:3)
  5 adders
  2 shadow imps
  14 oozes
  3 worms (D:2)
  5 leopard geckos
  51 orcs
  3 giant cockroaches
  15 goblins
  11 hobgoblins
  6 jackals
  A quokka (D:6)
  2 ball pythons
  6 bats
  6 frilled lizards
  21 kobolds
  A leopard gecko zombie (D:7)
  7 rats
  A river rat simulacrum (D:9)
618 creatures vanquished.

Vanquished Creatures (collateral kills)
  Harold (Lair:3)
  A red devil (Lair:6)
  A water moccasin (Lair:5)
  An orc warrior (D:8)
  An orc priest (D:9)
  2 orcs (D:9)
  2 goblins (D:8)
9 creatures vanquished.

Vanquished Creatures (others)
  An unseen horror (D:13)
  A black mamba (Lair:6)
  2 polar bears
  3 dancing weapons
  A neqoxec (D:14)
  A wolf (IceCv)
  A shadow imp (D:14)
  A bat (D:1)
  15 fungi
  2 plants
  9 toadstools (D:3)
37 creatures vanquished.

Grand Total: 664 creatures vanquished

Notes
Turn   | Place    | Note
-------+----------+-------------------------------------------
     0 | D:1      | vatarom the Spriggan Enchanter began the quest for the Orb.
     0 | D:1      | Reached XP level 1. HP: 9/9 MP: 5/5
   312 | D:1      | Reached XP level 2. HP: 8/14 MP: 6/6
   394 | D:1      | Learned a level 2 spell: Ensorcelled Hibernation
  1051 | D:2      | Reached skill level 1 in Fighting
  1062 | D:2      | Reached XP level 3. HP: 16/18 MP: 2/8
  2031 | D:2      | Reached skill level 5 in Stealth
  2031 | D:2      | Reached XP level 4. HP: 22/22 MP: 9/9
  2380 | D:3      | Noticed Robin
  2431 | D:3      | Learned a level 3 spell: Confuse
  2516 | D:3      | Killed Robin
  3324 | D:3      | Noticed a black bear
  3349 | D:3      | Killed a black bear
  3349 | D:3      | Reached skill level 4 in Dodging
  3349 | D:3      | Reached XP level 5. HP: 12/26 MP: 3/10
  3606 | D:3      | Learned a level 3 spell: Dazzling Spray
  4206 | D:3      | Reached skill level 5 in Hexes
  4206 | D:3      | Reached XP level 6. HP: 32/32 MP: 11/11
  4997 | D:4      | Noticed an orc warrior
  5303 | D:4      | Found Opoperis's General Store.
  5318 | D:4      | Bought a wand of acid (6) for 200 gold pieces
  5389 | D:4      | Reached XP level 7. HP: 27/36 MP: 5/12
  5469 | D:4      | Reached skill level 5 in Dodging
  5798 | D:4      | Noticed ChickenMitten's ghost (novice FoFi)
  5839 | D:4      | Killed ChickenMitten's ghost
  5839 | D:4      | Reached XP level 8. HP: 42/42 MP: 6/13
  6189 | D:4      | Reached skill level 6 in Dodging
  6556 | D:5      | Entered Level 5 of the Dungeon
  7414 | D:5      | Noticed Blork the orc
  7419 | D:5      | Killed Blork the orc
  7813 | D:6      | Found a deep blue altar of Sif Muna.
  7915 | D:6      | Found Kupliann's Elemental Accessories.
  8044 | D:6      | Found a shattered altar of Ashenzari.
  8044 | D:6      | Found a snail-covered altar of Cheibriados.
  8544 | D:6      | Became a worshipper of Ashenzari the Shackled
  8601 | D:7      | Found a staircase to the Ecumenical Temple.
  8614 | Temple   | Entered the Ecumenical Temple
  8885 | D:7      | Found an ornate altar of the Wu Jian Council.
  9042 | D:7      | Reached * piety under Ashenzari
  9043 | D:7      | Reached skill level 5 in Fighting
  9052 | D:7      | Reached skill level 5 in Short Blades
  9052 | D:7      | Reached skill level 7 in Dodging
  9052 | D:7      | Reached XP level 9. HP: 47/47 MP: 6/14
  9229 | D:7      | Learned a level 3 spell: Tukima's Dance
  9935 | D:7      | Noticed vatarom's ghost (novice SpEn)
  9999 | D:7      | Killed vatarom's ghost
  9999 | D:7      | Reached skill level 8 in Dodging
 10206 | D:8      | Found an iron altar of Okawaru.
 10448 | D:8      | Found a sacrificial altar of Ru.
 10816 | D:8      | Reached XP level 10. HP: 53/53 MP: 15/15
 10919 | D:8      | Found a staircase to the Lair.
 11371 | D:9      | Reached skill level 10 in Stealth
 11784 | D:9      | Found a staircase to the Orcish Mines.
 11824 | D:9      | Noticed a necromancer
 11828 | D:9      | Killed a necromancer
 11828 | D:9      | Reached skill level 9 in Dodging
 12191 | D:9      | Learned a level 4 spell: Cause Fear
 12427 | D:10     | Entered Level 10 of the Dungeon
 12432 | D:10     | Noticed a gargoyle
 12454 | D:10     | Killed a gargoyle
 12464 | D:10     | Noticed Fannar
 12634 | D:10     | Killed Fannar
 12634 | D:10     | Reached skill level 5 in Spellcasting
 12740 | D:10     | Noticed a purple ugly thing
 12771 | D:10     | Killed a purple ugly thing
 12857 | D:10     | Reached skill level 10 in Dodging
 12998 | D:10     | Noticed Urug
 13018 | D:10     | Killed Urug
 13018 | D:10     | Reached XP level 11. HP: 37/60 MP: 9/20
 13663 | D:11     | Found a glowing silver altar of Zin.
 13764 | D:11     | Reached ** piety under Ashenzari
 13764 | D:11     | Noticed an unseen horror
 13771 | D:11     | Killed an unseen horror
 14004 | Lair:1   | Entered Level 1 of the Lair of Beasts
 14175 | Lair:1   | Reached skill level 11 in Dodging
 14388 | Lair:1   | Learned a level 5 spell: Metabolic Englaciation
 15040 | Lair:2   | Noticed a five-headed hydra
 15068 | Lair:1   | Killed a five-headed hydra
 15326 | Lair:2   | Noticed a five-headed hydra
 15391 | Lair:1   | Killed a five-headed hydra
 15391 | Lair:1   | Reached XP level 12. HP: 26/67 MP: 7/24
 15984 | Lair:2   | Reached skill level 12 in Dodging
 15989 | Lair:2   | Noticed a seven-headed hydra
 15999 | Lair:2   | Killed a seven-headed hydra
 15999 | Lair:2   | Reached skill level 10 in Fighting
 16034 | Lair:2   | Learned a level 5 spell: Yara's Violent Unravelling
 16854 | Lair:3   | Noticed a six-headed hydra
 16889 | Lair:3   | Killed a six-headed hydra
 17042 | Lair:3   | Identified the +1 leather armour "Agaoteug" {+Blink Str+3 Dex+2} (You found it on level 5 of the Dungeon)
 17094 | Lair:3   | Reached skill level 10 in Short Blades
 17352 | Lair:3   | Noticed Harold
 17363 | Lair:3   | Killed Harold
 17535 | Lair:3   | Reached *** piety under Ashenzari
 17776 | Lair:4   | Found a staircase to the Snake Pit.
 17794 | Lair:4   | Reached skill level 13 in Dodging
 18236 | Lair:4   | Noticed a six-headed hydra
 18255 | Lair:4   | Killed a six-headed hydra
 18256 | Lair:4   | Reached skill level 1 in Evocations
 18601 | Lair:4   | Found a staircase to the Shoals.
 18738 | Lair:4   | Noticed a six-headed hydra
 18748 | Lair:4   | Killed a six-headed hydra
 18748 | Lair:4   | Reached XP level 13. HP: 74/74 MP: 24/27
 19073 | Lair:5   | Reached skill level 10 in Hexes
 20101 | Lair:5   | Reached **** piety under Ashenzari
 20491 | Lair:6   | Entered Level 6 of the Lair of Beasts
 20516 | Lair:6   | Reached skill level 10 in Spellcasting
 20663 | Lair:6   | Reached skill level 5 in Evocations
 20847 | Lair:6   | Found a staircase to the Slime Pits.
 20942 | Lair:6   | Noticed Rupert
 21384 | Lair:6   | Killed Rupert
 21968 | Lair:6   | Reached skill level 14 in Dodging
 22172 | Lair:6   | Found a burning altar of Makhleb.
 22188 | Lair:6   | Reached XP level 14. HP: 50/79 MP: 18/29
 22450 | Lair:6   | Found a gateway to Hell.
 23444 | D:11     | Noticed Nergalle
 23464 | D:11     | Killed Nergalle
 24002 | D:11     | Found Bapomupt's Jewellery Boutique.
 24108 | D:12     | Reached ***** piety under Ashenzari
 24447 | D:12     | Noticed Sonja
 24452 | D:12     | Killed Sonja
 24475 | D:12     | Found a frozen archway.
 24672 | IceCv    | Entered an ice cave
 25199 | IceCv    | Identified the ring "Qoit" {*Tele rPois rC+ Stlth+}
 26001 | IceCv    | Noticed a frost giant
 26239 | IceCv    | Killed a frost giant
 26945 | D:12     | Found a hazy altar of Hepliaklqana.
 27049 | D:12     | Reached skill level 1 in Shields
 28809 | D:14     | Found a gate to the Vaults.
 28809 | D:14     | Noticed Nessos
 29008 | D:14     | Found Eshaec's Armour Emporium.
 29043 | D:14     | Reached skill level 5 in Shields
 29048 | D:14     | Reached XP level 15. HP: 53/84 MP: 15/31
 29303 | D:14     | Shot with an arrow by Nessos

Skill      XL: |  1  2  3  4  5  6  7  8  9 10 11 12 13 14 |
---------------+-------------------------------------------+-----
Fighting       | 1 2 3 5 6 8 9 11 | 11.6
Hexes          | 4 5 6 8 9 11 12 | 12.6
Short Blades   | 2 3 4 5 6 7 9 10 11 | 11.6
Stealth        | 5 6 7 8 9 10 | 10.0
Dodging        | 4 5 7 8 10 11 13 14 | 14.6
Spellcasting   | 3 5 7 9 10 11 | 11.2
Evocations     | 1 7 9 |  9.5
Shields        | 5 |  5.4

Action                   |  1- 3 |  4- 6 |  7- 9 | 10-12 | 13-15 || total
-------------------------+-------+-------+-------+-------+-------++-------
Melee: Dagger            |   129 |   154 |   344 |   508 |   603 ||  1738
       Short sword       |       |       |       |       |   827 ||   827
Throw: Throwing net      |       |       |       |       |     4 ||     4
 Cast: Corona            |     3 |       |       |       |       ||     3
       Ensorcelled Hiber |    29 |    39 |    82 |   129 |   211 ||   490
       Confuse           |       |     7 |    22 |    62 |   138 ||   229
       Tukima's Dance    |       |       |     3 |    10 |    17 ||    30
       Dazzling Spray    |       |       |     2 |    20 |    19 ||    41
       Cause Fear        |       |       |       |     1 |       ||     1
       Metabolic Englaci |       |       |       |     4 |     5 ||     9
Invok: Curse Item        |       |       |       |     3 |     1 ||     4
Evoke: Wand              |       |       |     8 |     3 |    43 ||    54
       Lamp of fire      |       |       |       |       |     1 ||     1
  Use: Scroll            |       |     5 |     6 |     7 |     7 ||    25
       Potion            |       |     1 |     6 |       |     3 ||    10
 Stab: Sleeping          |    34 |    31 |    52 |    97 |   119 ||   333
       Confused          |       |     4 |    13 |    47 |    88 ||   152
       Invisible         |       |       |     2 |    11 |     7 ||    20
       Distracted        |       |       |       |     2 |     2 ||     4
       Held in net/web   |       |       |       |       |     2 ||     2
       Paralysed         |       |       |       |       |     1 ||     1
  Eat: Ration            |     1 |     3 |     7 |     8 |     8 ||    27
Armor: Robe              |    11 |     9 |     9 |       |       ||    29
       Skin              |       |       |    17 |       |       ||    17
       Steam dragon scal |       |       |       |    42 |   130 ||   172
Dodge: Dodged            |    84 |   115 |   235 |   392 |  1279 ||  2105
